[Event "Team 45 45 League T27"]
[Site "Internet Chess Club"]
[Date "2005.07.08"]
[Round "4"]
[White "jantonio"]
[Black "BenjaminSisko"]
[Result "0-1"]
[WhiteElo "1635"]
[BlackElo "1568"]
[TimeControl "2700+45"]

1. Nf3 Nf6 2. g3 d6 3. Bg2 e5 4. d3 Be7 5. O-O O-O 6. Nbd2 Nc6 7. h3 Rb8 8. e4
b6 9. Re1 Ne8 10. Nf1 f5 11. exf5 Bxf5 12. Ne3 Be6 13. c3 Qd7 14. Kh2 d5 15. Qe2
Bf6 16. Ng4 Bxg4 17. hxg4 Qxg4 18. Kg1 Rd8 19. Nh2 Qxe2 20. Rxe2 Ne7 21. Ng4 Ng6
22. Nxf6+ gxf6 23. Bh6 Ng7 24. Bh3 Rfe8 25. Rae1 c5 26. Kg2 Kf7 27. Rh1 Ne7 28.
Bg4 Nef5 29. Bxf5 Nxf5 30. Bc1 Kg8 31. Ree1 e4 32. Rh5 Ng7 33. Rh3 exd3 34.
Rxe8+ Rxe8 35. Be3 c4 36. g4 Ne6 37. Kf1 Ng5 38. Bxg5 fxg5 39. Re3 Rxe3 40. fxe3
Kg7 41. Ke1 b5 42. Kd2 Kg6 43. b3 h5 44. gxh5+ Kxh5 45. bxc4 bxc4 46. Ke1 Kg4
47. Kf2 Kh3 {White resigns} 0-1

[Event "Team 45 45 League T27"]
[Site "Internet Chess Club"]
[Date "2005.07.11"]
[Round "4"]
[White "Smart"]
[Black "jmc860"]
[Result "1/2-1/2"]
[WhiteElo "1609"]
[BlackElo "1568"]
[TimeControl "2700+45"]

1. e4 e6 2. d3 d5 3. Nd2 d4 4. Ngf3 Nc6 5. e5 Qd5 6. Qe2 Nb4 7. Qd1 Nxa2 8. g3
Nb4 9. Bg2 Ne7 10. O-O Qc5 11. Nc4 Nbc6 12. Re1 g6 13. Bf4 Nd5 14. Bd2 Bg7 15.
Qc1 Bd7 16. Bh6 Bxh6 17. Qxh6 Ndb4 18. Re2 Qf8 19. Qf4 Qc5 20. Ng5 Qe7 21. Nf3
Qc5 22. Qf6 Qf8 23. h4 h6 24. Qf4 Qc5 25. Qd2 Qe7 26. c3 dxc3 27. bxc3 Nd5 28.
d4 b5 29. Na5 b4 30. Nxc6 Bxc6 31. cxb4 Qxb4 32. Qc1 Nc3 33. Rc2 Bxf3 34. Bxf3
Nd5 35. Bxd5 exd5 36. Rxc7 O-O 37. Qe3 Qb6 38. Rac1 Kg7 39. R1c6 Qb1+ 40. Kh2
Qe4 41. Qc3 Rab8 42. Qe3 Qxe3 43. fxe3 a5 44. e6 Rb2+ 45. Kg1 Rb1+ 46. Kf2 Rb2+
47. Kf3 Rbb8 48. Ra7 Kg8 49. Rcc7 fxe6+ 50. Kg4 h5+ 51. Kg5 Rfc8 52. Kf6 Rxc7
53. Rxc7 Ra8 54. Kxg6 a4 55. Kxh5 a3 56. Rc1 a2 57. Ra1 Ra3 58. Kg4 Rxe3 59.
Rxa2 Re4+ 60. Kf3 Rxd4 61. Ra5 Rd3+ 62. Kf2 e5 63. Ra7 e4 64. h5 e3+ 65. Ke2 Rc3
66. Rd7 Rc5 67. g4 Rc4 68. Rxd5 Rxg4 69. Kxe3 Rh4 70. Kf3 Kg7 71. Kg3 Re4 72.
Rd6 Re5 73. Kg4 Re4+ 74. Kf5 Re8 75. Kg5 Kf7 76. Kf5 Kg7 77. Rg6+ Kh8 78. Kf6
Rf8+ 79. Kg5 Rg8 80. Kh6 Rf8 81. Rd6 Re8 82. Kg6 Rg8+ 83. Kh6 Re8 84. Rf6 Rg8
85. Rf7 Rd8 86. Rg7 Rd6+ 87. Rg6 Rd8 88. Rg7 Rd6+ 89. Rg6 Rd8 90. Rf6 Rg8 91.
Re6 Rf8 92. Kg6 Rg8+ 93. Kf7 Rg7+ 94. Kf6 Kh7 95. Kf5 Rf7+ 96. Kg5 Rg7+ 97. Rg6
Re7 98. Rh6+ Kg7 99. Rf6 Re5+ 100. Rf5 Rxf5+ 101. Kxf5 Kh6 102. Kg4 Kh7 103. Kg5
Kh8 104. Kh6 Kg8 105. Kg6 Kh8 106. h6 Kg8 {Game drawn by mutual agreement}
1/2-1/2

[Event "Team 45 45 League T27"]
[Site "Internet Chess Club"]
[Date "2005.07.13"]
[Round "4"]
[White "rabanito"]
[Black "clarinetref"]
[Result "1-0"]
[WhiteElo "1450"]
[BlackElo "1591"]
[TimeControl "2700+45"]

1. e4 c5 2. Nf3 Nc6 3. d4 cxd4 4. Nxd4 g6 5. Nc3 Bg7 6. Be3 Nf6 7. Bc4 e6 8. Qd2
Nxd4 9. Bxd4 O-O 10. Be3 Re8 11. O-O-O Qa5 12. f3 a6 13. Bb3 Rd8 14. h3 b5 15.
h4 b4 16. Na4 Qb5 17. h5 Nxh5 18. g4 Nf6 19. Qh2 Bb7 20. e5 Bxf3 21. exf6 Bxf6
22. Qxh7+ Kf8 23. Bc5+ d6 24. Rxd6 Rxd6 25. Bxd6+ Ke8 26. Nc5 Bg5+ 27. Kb1 Qxc5
28. Bxc5 Bxh1 29. Qxh1 Rb8 30. Qh8+ {Black resigns} 1-0

[Event "Team 45 45 League T27"]
[Site "Internet Chess Club"]
[Date "2005.07.08"]
[Round "4"]
[White "steve"]
[Black "Ser-Enigma"]
[Result "0-1"]
[WhiteElo "1921"]
[BlackElo "2045"]
[TimeControl "2700+45"]

1. e4 c5 2. Nf3 Nc6 3. d4 cxd4 4. Nxd4 Nf6 5. Nc3 e5 6. Ndb5 d6 7. Bg5 a6 8. Na3
b5 9. Nd5 Be7 10. Bxf6 Bxf6 11. c3 O-O 12. Nc2 Rb8 13. Be2 Bg5 14. O-O a5 15.
Qd3 Ne7 16. Nxe7+ Qxe7 17. Rfd1 Rd8 18. Ne3 Bxe3 19. Qxe3 Be6 20. Bf3 a4 21. Rd2
f6 22. Qd3 Qf7 23. Qb1 h5 24. Bd1 Rbc8 25. Rd3 Rc4 26. Bf3 g5 27. b3 Rc7 28. Qd1
g4 29. Be2 axb3 30. axb3 Bxb3 31. Qc1 Bc4 32. Re3 Bxe2 33. Rxe2 b4 34. Re3 Rdc8
35. h3 bxc3 36. hxg4 hxg4 37. Rg3 Qe6 38. f3 Rg7 39. fxg4 Qc4 40. Qc2 Rb7 41. g5
Qd4+ 42. Kf1 Rb2 43. gxf6+ Kf8 {White resigns} 0-1

[Event "Team 45 45 League T27"]
[Site "Internet Chess Club"]
[Date "2005.07.10"]
[Round "4"]
[White "JaiHanuman"]
[Black "room-matt"]
[Result "1-0"]
[WhiteElo "1950"]
[BlackElo "1805"]
[TimeControl "2700+45"]

1. e4 e5 2. Nf3 Nc6 3. Bc4 Bc5 4. O-O Nf6 5. d4 exd4 6. e5 d5 7. exf6 dxc4 8.
Re1+ Be6 9. Ng5 Qd5 10. Nc3 Qf5 11. Nce4 O-O-O 12. g4 Qe5 13. fxg7 Rhg8 14. Nxe6
fxe6 15. Bh6 Bb4 16. f4 Qb5 17. Nf6 Bxe1 18. Qxe1 e5 19. f5 Qxb2 20. Nxg8 Rxg8
21. f6 Nd8 22. Rb1 Qxc2 23. Rc1 Qg6 24. g5 Nf7 25. Qh4 c3 26. Kh1 c5 27. Qg3
Nxh6 28. Qxe5 b6 29. Qe6+ Kb7 30. gxh6 Ka6 31. Rf1 c2 32. Qc4+ Ka5 33. Qe2 Re8
34. Qd2+ Ka6 35. f7 c1=Q 36. Rxc1 Qxf7 37. Qd3+ Kb7 38. Rf1 Qd5+ 39. Qf3 Qxf3+
40. Rxf3 d3 41. Rxd3 c4 42. Rf3 {Black resigns} 1-0

[Event "Team 45 45 League T27"]
[Site "Internet Chess Club"]
[Date "2005.07.10"]
[Round "4"]
[White "rph"]
[Black "donking"]
[Result "0-1"]
[WhiteElo "1855"]
[BlackElo "1840"]
[TimeControl "2700+45"]

1. d4 Nf6 2. c4 g6 3. Nc3 d5 4. cxd5 Nxd5 5. e4 Nxc3 6. bxc3 Bg7 7. Bc4 c5 8.
Ne2 cxd4 9. cxd4 Nc6 10. Be3 O-O 11. O-O Bg4 12. f3 Na5 13. Bd3 Be6 14. Qa4 a6
15. Rac1 b5 16. Qb4 Bxa2 17. d5 Nc4 18. Bc5 Re8 19. Nc3 Ne5 20. Rfd1 Nxd3 21.
Rxd3 Bc4 22. Rdd1 a5 23. Qb1 b4 24. Na4 Bb5 25. Qb3 Bxa4 26. Qxa4 Bc3 27. d6
exd6 28. Rxd6 Qg5 29. Rcd1 Qxc5+ 30. Kh1 Qh5 31. Rd7 Be5 32. h3 Qg5 33. Qb3 Qf4
{White resigns} 0-1

[Event "Team 45 45 League T27"]
[Site "Internet Chess Club"]
[Date "2005.07.09"]
[Round "4"]
[White "Zillmer"]
[Black "Gregorio"]
[Result "1/2-1/2"]
[WhiteElo "2130"]
[BlackElo "2014"]
[TimeControl "2700+45"]

1. e4 e5 2. Nf3 Nc6 3. Bb5 a6 4. Bxc6 dxc6 5. O-O Qe7 6. d4 Bg4 7. dxe5 Rd8 8.
Qe2 Qxe5 9. Nxe5 Bxe2 10. Re1 Rd1 11. Rxd1 Bxd1 12. c4 f6 13. Nc3 Bc2 14. Nf3 f5
15. Bf4 {Game drawn by mutual agreement} 1/2-1/2

[Event "Team 45 45 League T27"]
[Site "Internet Chess Club"]
[Date "2005.07.09"]
[Round "4"]
[White "gracey"]
[Black "Sergio56"]
[Result "1-0"]
[WhiteElo "2057"]
[BlackElo "1899"]
[TimeControl "2700+45"]

1. e4 d5 2. exd5 Qxd5 3. Nc3 Qa5 4. d4 Nf6 5. Nf3 Bg4 6. h3 Bxf3 7. Qxf3 c6 8.
Bd2 Nbd7 9. O-O-O e6 10. Bc4 Qc7 11. Rhe1 O-O-O 12. Bb3 Nb6 13. Bf4 Bd6 14. Be5
Bxe5 15. dxe5 Rxd1+ 16. Nxd1 Nfd5 17. Qg4 g6 18. Qh4 Qe7 19. Qxe7 Nxe7 20. Nc3
Kc7 21. Ne4 Nbc8 22. Ng5 Nd5 23. Nxf7 Rf8 24. Ng5 Kd7 25. c4 Ndb6 26. f3 h6 27.
Nh7 Rf7 28. Nf6+ Ke7 29. Ng8+ {Black resigns} 1-0

[Event "Team 45 45 League T27"]
[Site "Internet Chess Club"]
[Date "2005.07.08"]
[Round "4"]
[White "alastorx"]
[Black "A-Ru"]
[Result "1-0"]
[WhiteElo "1707"]
[BlackElo "1831"]
[TimeControl "2700+45"]

1. d4 e6 2. Nf3 d5 3. e3 c5 4. c3 c4 5. b3 b5 6. a4 bxa4 7. bxc4 Bd7 8. cxd5
exd5 9. c4 dxc4 10. Bxc4 Bb4+ 11. Bd2 a5 12. Nc3 a3 13. Ne5 Nh6 14. Qf3 Ra7 15.
Bxf7+ Ke7 {Black resigns} 1-0

[Event "Team 45 45 League T27"]
[Site "Internet Chess Club"]
[Date "2005.07.10"]
[Round "4"]
[White "nightly"]
[Black "Egmont"]
[Result "1-0"]
[WhiteElo "1825"]
[BlackElo "1722"]
[TimeControl "2700+45"]

1. d4 d5 2. Bg5 Nd7 3. e3 Ngf6 4. c4 e6 5. Nc3 c6 6. Nf3 Be7 7. Bd3 O-O 8. O-O
h6 9. Bh4 c5 10. Rc1 cxd4 11. exd4 dxc4 12. Bxc4 Nb6 13. Bb3 Nbd5 14. Re1 Nxc3
15. bxc3 b5 16. Qe2 Bb7 17. Ne5 a6 18. Ng6 fxg6 19. Qxe6+ Rf7 20. Qxe7 Bd5 21.
Qxd8+ Rxd8 22. Bxd5 Rxd5 23. Re6 g5 24. Bg3 a5 25. Be5 Ne4 26. f3 Nd2 27. a4 Nb3
28. Rc2 bxa4 29. Ra2 Rb7 30. Rxa4 Nd2 31. c4 Rdd7 32. c5 Rf7 33. h3 Rb1+ 34. Kf2
Ne4+ 35. Ke3 Nc3 36. Rxa5 Nd5+ 37. Kd3 Rfb7 38. Rd6 R1b3+ 39. Ke4 Nc3+ 40. Kf5
Nd1 41. Kg6 Rb8 42. Rd7 {Black resigns} 1-0

[Event "Team 45 45 League T27"]
[Site "Internet Chess Club"]
[Date "2005.07.07"]
[Round "4"]
[White "CraigCKlein"]
[Black "adingod"]
[Result "0-1"]
[WhiteElo "1799"]
[BlackElo "1882"]
[TimeControl "2700+45"]

1. d4 Nf6 2. c4 g6 3. Nc3 d5 4. Nf3 Bg7 5. Bg5 Ne4 6. Bh4 Nxc3 7. bxc3 c5 8.
cxd5 Qa5 9. Qd2 cxd4 10. cxd4 Qxd5 11. e3 Nc6 12. Be2 O-O 13. h3 e5 14. dxe5
Qxd2+ 15. Nxd2 Nxe5 16. O-O Bf5 17. e4 Be6 18. f4 Nc6 19. e5 Nd4 20. Bd3 Nf5 21.
Bxf5 gxf5 22. Nb3 Rfc8 23. Nd4 Bd7 24. Rfc1 Bh6 25. g3 Bf8 26. Kg2 Bc5 27. Nb3
Ba3 28. Rxc8+ Rxc8 29. Rf1 b6 30. Rd1 Be6 31. Rd8+ Rxd8 32. Bxd8 Kf8 33. Bc7 Ke8
34. Bb8 Kd7 35. Kf3 Kc8 36. Bxa7 Kb7 37. Bxb6 Kxb6 38. g4 Bb2 39. Kg3 Kb5 40.
Kh4 f6 41. exf6 Bxf6+ 42. Kh5 Kc4 43. Kh6 fxg4 44. hxg4 Bxg4 45. Kxh7 Bf5+ 46.
Kg8 Bg6 47. Na5+ Kd5 48. f5 Bxf5 49. Kf7 Bg5 50. Nb3 Bb1 51. a3 Ba2 52. Kg6 Be3
53. Na5 Bb6 54. Nb7 Kc6 55. Kf5 Kxb7 56. Ke5 Kc6 57. a4 Bb3 58. a5 Bxa5 59. Kd4
Bb4 60. Ke5 Bc3+ 61. Ke4 Bc4 62. Ke3 Kd5 63. Kf4 Bd4 64. Kf5 Bd3+ 65. Kf4 Ke6
66. Kf3 Kf5 67. Kg3 Be2 68. Kh4 Kf4 69. Kh3 Bf1+ 70. Kh4 Be2 71. Kh3 Bf3 72. Kh4
Bf6+ 73. Kh3 Be4 74. Kh2 Kf3 75. Kg1 Bh4 76. Kf1 Bd3+ 77. Kg1 Kg3 78. Kh1 Be7
79. Kg1 Bc5+ 80. Kh1 Be4# {White checkmated} 0-1

[Event "Team 45 45 League T27"]
[Site "Internet Chess Club"]
[Date "2005.07.09"]
[Round "4"]
[White "dondel"]
[Black "Pilgrim"]
[Result "0-1"]
[WhiteElo "1667"]
[BlackElo "1526"]
[TimeControl "2700+45"]

1. e4 c5 2. Bc4 d6 3. c3 Nf6 4. d3 g6 5. h3 Bg7 6. Nd2 O-O 7. Ndf3 Nbd7 8. Ne2
a6 9. O-O b5 10. Bb3 Bb7 11. Nf4 c4 12. dxc4 bxc4 13. Bc2 Nxe4 14. Re1 Ndc5 15.
b4 Nxc3 16. Qd2 N3e4 17. Bxe4 Nxe4 18. Rxe4 Bxe4 19. Bb2 Qc7 20. Bxg7 Kxg7 21.
Qc3+ e5 22. Ne2 f6 23. Ng3 Bd3 24. Ne1 e4 25. Nxd3 exd3 26. Rd1 Rac8 27. Ne4 d5
28. Nc5 Qd6 29. Re1 Rxc5 30. bxc5 Qxc5 31. g4 a5 32. a4 d4 33. Qd2 Qb4 34. Qxb4
axb4 35. a5 d2 36. Rd1 c3 37. a6 Ra8 38. Ra1 c2 {White resigns} 0-1

[Event "Team 45 45 League T27"]
[Site "Internet Chess Club"]
[Date "2005.07.12"]
[Round "4"]
[White "garethn"]
[Black "zota"]
[Result "1-0"]
[WhiteElo "1818"]
[BlackElo "1896"]
[TimeControl "2700+45"]

1. e4 c5 2. Nf3 d6 3. d4 cxd4 4. Nxd4 Nf6 5. Nc3 a6 6. Bg5 e6 7. f4 Be7 8. Qf3
Qc7 9. O-O-O Nbd7 10. g4 b5 11. Bxf6 Nxf6 12. g5 Nd7 13. f5 Bxg5+ 14. Kb1 Ne5
15. Qh5 Bf6 16. fxe6 g6 17. exf7+ Qxf7 18. Qh6 Ng4 19. Qf4 O-O 20. h3 g5 21. Qd2
Bxd4 22. hxg4 Bxc3 23. Qxc3 Bxg4 24. Re1 Qf3 25. Bd3 h5 26. Qb3+ Qf7 27. Qb4 Bf3
28. Rhf1 g4 29. Qxd6 h4 30. Rxf3 gxf3 31. Rg1+ Kh8 32. Qe5+ Kh7 33. Qg5 Kh8 34.
e5 Ra7 35. Qh6+ {Black resigns} 1-0

[Event "Team 45 45 League T27"]
[Site "Internet Chess Club"]
[Date "2005.07.10"]
[Round "4"]
[White "JSC"]
[Black "andy4226uk"]
[Result "0-1"]
[WhiteElo "1815"]
[BlackElo "1890"]
[TimeControl "2700+45"]

1. e4 c5 2. c3 d5 3. exd5 Qxd5 4. d4 Nf6 5. Nf3 e6 6. c4 Qd8 7. Nc3 cxd4 8. Qxd4
Qxd4 9. Nxd4 a6 10. Bd2 e5 11. Nf3 Nc6 12. Be2 e4 13. Ng5 Bf5 14. f3 exf3 15.
Bxf3 Nb4 16. O-O Rb8 17. Bf4 Bc5+ 18. Kh1 Rd8 19. Bxb7 O-O 20. a3 Nc2 21. Rac1
Ng4 22. h3 Nf2+ 23. Kh2 Nd3 24. Rxc2 Nxf4 25. Rcc1 Bd6 26. Kg1 Bd3 27. Rf3 Be2
28. Rg3 Nd3 29. Rc2 Bxg3 30. Rxe2 Rb8 31. Bxa6 Rxb2 32. Rxb2 Nxb2 33. Nge4 Be5
34. Nd5 Ra8 35. Nb4 Bd4+ 36. Kf1 Re8 37. Nd6 Re6 38. Nb5 Bc5 39. Nc7 Re4 40. Nc2
Nxc4 41. a4 Nd2# {White checkmated} 0-1

[Event "Team 45 45 League T27"]
[Site "Internet Chess Club"]
[Date "2005.07.09"]
[Round "4"]
[White "TheBrewer"]
[Black "fernbap"]
[Result "0-1"]
[WhiteElo "1593"]
[BlackElo "1772"]
[TimeControl "2700+45"]

1. d4 Nf6 2. Nf3 c5 3. e3 e6 4. c3 b6 5. Bd3 Bb7 6. Nbd2 d5 7. Qe2 Nbd7 8. e4
cxd4 9. cxd4 dxe4 10. Nxe4 Bb4+ 11. Bd2 Bxd2+ 12. Nfxd2 Qe7 13. O-O O-O 14. Rfe1
Qb4 15. Nxf6+ Nxf6 16. Nb3 Bd5 17. Qd2 Qd6 18. Qe3 Qb4 19. a3 Qxb3 {White
resigns} 0-1

[Event "Team 45 45 League T27"]
[Site "Internet Chess Club"]
[Date "2005.07.10"]
[Round "4"]
[White "allanchs"]
[Black "wojozim"]
[Result "1/2-1/2"]
[WhiteElo "1608"]
[BlackElo "1478"]
[TimeControl "2700+45"]

1. e4 c5 2. Nf3 d6 3. d4 cxd4 4. Nxd4 Nf6 5. Nc3 g6 6. Be3 Bg7 7. Be2 O-O 8. O-O
Nc6 9. Nb3 Be6 10. f4 Ne8 11. Qd2 f5 12. Nd4 Nxd4 13. Bxd4 Nf6 14. exf5 Bxf5 15.
Bd3 Qa5 16. Bxf5 Qxf5 17. h3 h5 18. Rae1 Rf7 19. Kh1 h4 20. Qf2 g5 21. fxg5 Qxf2
22. Rxf2 Nh5 23. Rxf7 Ng3+ 24. Kh2 Kxf7 25. Bxg7 Kxg7 26. Rxe7+ Kf8 27. Re6 Re8
28. Rf6+ Kg7 29. Rf4 Rh8 30. Ne4 Rc8 31. Nxg3 hxg3+ 32. Kxg3 Rxc2 33. Rf2 Rc5
34. h4 Re5 35. Kf4 Kg6 36. g3 Rf5+ 37. Ke3 Re5+ 38. Kd4 Kh5 39. Rf6 Re2 40. Rxd6
Rxb2 41. g4+ Kxh4 42. g6 Rg2 43. Ke5 Rxg4 44. Kf6 Kh5 45. g7 Rg6+ 46. Ke5 Rxg7
47. Kf6 Rg8 48. Rd7 Rb8 49. Ke6 a5 50. Kd6 b5 51. Ra7 a4 52. Kc5 b4 53. Rxa4 b3
{Game drawn by mutual agreement} 1/2-1/2

[Event "Team 45 45 League T27"]
[Site "Internet Chess Club"]
[Date "2005.07.09"]
[Round "4"]
[White "TheTankDriver"]
[Black "megamaster"]
[Result "1/2-1/2"]
[WhiteElo "2353"]
[BlackElo "2258"]
[TimeControl "2700+45"]

1. d4 Nf6 2. c4 e6 3. Nf3 Bb4+ 4. Nbd2 O-O 5. a3 Be7 6. e4 d6 7. Bd3 c5 8. d5
Nbd7 9. O-O Qc7 10. b3 e5 11. Ne1 Re8 12. g3 Nf8 13. f4 Bh3 14. Ng2 Ng4 15. Re1
Nd7 16. Nf3 a6 17. Ng5 Bxg5 18. fxg5 Nf8 19. Nh4 Ng6 20. Bf1 Bxf1 21. Qxg4 Nxh4
22. gxh4 Bd3 23. Qd1 Bxc4 24. bxc4 Qd7 25. Qf3 b5 26. cxb5 axb5 27. h5 Rf8 28.
Rf1 f6 29. Qf5 Qxf5 30. Rxf5 Ra4 31. Rb1 Rxe4 32. Rxb5 Rc4 33. Be3 Rc3 34. Kf2
Rxa3 35. Rb6 Ra2+ 36. Kg3 Ra3 37. Kf3 e4+ 38. Ke2 Ra2+ 39. Bd2 c4 40. Rc6 e3 41.
Kxe3 Re8+ 42. Kd4 Rxd2+ 43. Kxc4 fxg5 44. Rxg5 Rc2+ 45. Kd4 Rd2+ 46. Kc3 Rd1 47.
Kc2 Ree1 48. Rxd6 Rc1+ 49. Kd3 Red1+ 50. Ke4 Re1+ 51. Kf5 Rf1+ 52. Ke4 Rfe1+
{Game drawn by mutual agreement} 1/2-1/2

[Event "Team 45 45 League T27"]
[Site "Internet Chess Club"]
[Date "2005.07.11"]
[Round "4"]
[White "softbunney"]
[Black "martineden"]
[Result "1-0"]
[WhiteElo "2065"]
[BlackElo "1826"]
[TimeControl "2700+45"]

1. d4 d5 2. c4 c6 3. Nf3 Nf6 4. Nc3 g6 5. cxd5 cxd5 6. Bf4 Bg7 7. e3 O-O 8. h3
Nc6 9. Bd3 Bd7 10. O-O Qc8 11. Rc1 Bf5 12. Bxf5 Qxf5 13. Ne5 Qc8 14. Qa4 Nd7 15.
Nxd5 Ndxe5 16. Nxe7+ {Black resigns} 1-0

[Event "Team 45 45 League T27"]
[Site "Internet Chess Club"]
[Date "2005.07.16"]
[Round "4"]
[White "Parsnip"]
[Black "shyguy"]
[Result "0-1"]
[WhiteElo "1785"]
[BlackElo "1984"]
[TimeControl "2700+45"]

1. d4 Nf6 2. Nf3 g6 3. Nc3 d5 4. Bf4 Bg7 5. e3 O-O 6. Be2 c5 7. dxc5 Qa5 8. Nd2
Qxc5 9. Nb3 Qb6 10. O-O Nc6 11. a4 a5 12. Nb5 e5 13. Bg3 Be6 14. c3 Rfd8 15. Qc2
Ne4 16. Rac1 Nd6 17. Nxd6 Rxd6 18. Bb5 Na7 19. Qe2 Nxb5 20. axb5 Bd7 21. Rfe1
Bxb5 22. Qf3 Bc6 23. Nd4 Rf6 {White resigns} 0-1

[Event "Team 45 45 League T27"]
[Site "Internet Chess Club"]
[Date "2005.07.10"]
[Round "4"]
[White "Knight77"]
[Black "crapalot"]
[Result "1/2-1/2"]
[WhiteElo "1781"]
[BlackElo "1728"]
[TimeControl "2700+45"]

1. Nf3 e6 2. g3 d5 3. Bg2 Nf6 4. O-O c5 5. d3 Nc6 6. Nbd2 Bd6 7. e4 O-O 8. Re1
Qc7 9. Qe2 Nd7 10. Nf1 d4 11. h4 Nde5 12. Nxe5 Nxe5 13. f4 Nc6 14. e5 Be7 15.
Nh2 Bd7 16. Qh5 g6 17. Qh6 Nb4 18. Ng4 f5 19. exf6 Bxf6 20. Nxf6+ Rxf6 21. Re2
Re8 22. a3 Nd5 23. Bd2 b5 24. Rae1 Qd6 25. Re5 Rf5 26. h5 Ne7 27. Be4 Rxe5 28.
fxe5 Qxe5 29. Kg2 Qxh5 30. Qxh5 gxh5 31. Rh1 Bc6 32. Rxh5 Bxe4+ 33. dxe4 Rc8 34.
Bf4 Ng6 35. Bd6 e5 36. Bxe5 Nxe5 37. Rxe5 a5 38. Kf3 Kf7 39. b3 b4 40. a4 Kf6
41. Rd5 Ke6 42. Rh5 Rc7 43. Rh6+ Ke5 44. Rh5+ Ke6 45. Rh6+ Ke5 46. Rh5+ Ke6 47.
Rh6+ Ke5 {Game drawn by repetition} 1/2-1/2  BosqueVerde(345):   :-(

[Event "Team 45 45 League T27"]
[Site "Internet Chess Club"]
[Date "2005.07.08"]
[Round "4"]
[White "trikmamak"]
[Black "syy89"]
[Result "1/2-1/2"]
[WhiteElo "2202"]
[BlackElo "2091"]
[TimeControl "2700+45"]

1. g3 Nf6 2. Bg2 d5 3. c4 Nc6 4. cxd5 Nxd5 5. Nc3 Nxc3 6. bxc3 e5 7. Rb1 Bc5 8.
Qa4 O-O 9. Bxc6 bxc6 10. Qxc6 Bf5 11. d3 Bb6 12. Nf3 Re8 13. O-O e4 14. Nh4 Bh3
15. Rd1 exd3 16. Be3 Bxe3 17. fxe3 d2 18. Ng2 Re6 19. Qf3 Bxg2 20. Kxg2 Qe8 21.
Rxd2 Rxe3 22. Qg4 Qc6+ 23. Kf2 Rae8 24. Qd4 Qe6 25. Rbb2 Qh6 26. Kg1 a6 27. Qc4
R3e7 28. Kg2 Qe3 29. Qd4 Qe6 30. c4 g6 31. Qd5 Qg4 32. Qd3 Re3 33. Qd5 Rxe2+ 34.
Rxe2 Rxe2+ 35. Rxe2 Qxe2+ 36. Kg1 Qe6 37. Qd8+ Kg7 38. Qxc7 Qe1+ 39. Kg2 Qe4+
{Game drawn by mutual agreement} 1/2-1/2

[Event "Team 45 45 League T27"]
[Site "Internet Chess Club"]
[Date "2005.07.08"]
[Round "4"]
[White "Chief-Justice"]
[Black "trevor21"]
[Result "0-1"]
[WhiteElo "1966"]
[BlackElo "2140"]
[TimeControl "2700+45"]

1. Nf3 e6 2. c4 d5 3. cxd5 exd5 4. d4 Nf6 5. Bg5 Be7 6. Nc3 O-O 7. e3 c6 8. Bd3
Bg4 9. h3 Bh5 10. g4 Bg6 11. Ne5 Nbd7 12. Nxg6 fxg6 13. Qe2 Bb4 14. a3 Bxc3+ 15.
bxc3 Qa5 16. Qd2 Ne4 17. Bxe4 dxe4 18. Be7 Rf7 19. Bb4 Qd5 20. Qa2 a5 21. Qxd5
cxd5 22. Bd6 Rc8 23. Rc1 Nb6 24. Bc5 Nc4 25. Rb1 Rc6 26. Ba7 Nxa3 27. Rb3 Nc4
28. Rb5 b6 29. Bb8 Rd7 30. Ke2 a4 31. Ra1 a3 32. Rb3 Rc8 33. Bg3 Ra8 34. Ra2 g5
35. Rb5 g6 36. Kd1 Ra5 37. Rb3 h5 38. Be5 Kf7 39. Kc2 Ke6 40. Rb1 Rf7 41. Kd1
Rf3 42. Bc7 Ra6 43. Bd8 Rxh3 44. Bxg5 hxg4 45. Ke2 g3 46. Rg1 gxf2 47. Kxf2 Rh2+
48. Rg2 Rxg2+ 49. Kxg2 Kf5 50. Bh6 g5 51. Kf2 Ra7 52. Bf8 Rh7 53. Kg3 g4 54.
Bxa3 Rh3+ 55. Kg2 Nxe3+ 56. Kg1 Rf3 57. Bb4 g3 58. Ra1 g2 {White resigns} 0-1

[Event "Team 45 45 League T27"]
[Site "Internet Chess Club"]
[Date "2005.07.11"]
[Round "4"]
[White "orkid"]
[Black "elnik"]
[Result "0-1"]
[WhiteElo "1772"]
[BlackElo "1966"]
[TimeControl "2700+45"]

1. e4 c5 2. Nf3 Nc6 3. d4 cxd4 4. Nxd4 Nf6 5. Nc3 e5 6. Ndb5 d6 7. Nd5 Nxd5 8.
exd5 Ne7 9. c4 g6 10. Qa4 Nf5 11. Nc7+ Ke7 12. Nxa8 a6 13. Qb4 b5 14. cxb5 Nd4
15. Bd3 Bb7 16. O-O axb5 17. Be3 Bg7 18. Bxd4 exd4 19. Rfe1+ Kf8 20. Qxb5 Bxa8
21. Re2 Be5 22. Rae1 Qh4 23. g3 Qg4 24. Re4 Qf3 25. Bc2 f5 26. Rxe5 dxe5 27.
Rxe5 Kg7 28. Bd3 Rd8 29. Be2 Rxd5 30. Bxf3 Rxb5 31. Rxb5 Bxf3 32. a4 d3 33. Rb3
d2 34. Rxf3 d1=Q+ 35. Kg2 Qxa4 36. b3 Qe4 37. h3 h5 38. h4 g5 39. hxg5 Kg6
{White resigns} 0-1

[Event "Team 45 45 League T27"]
[Site "Internet Chess Club"]
[Date "2005.07.09"]
[Round "4"]
[White "alexcolins"]
[Black "forquesato"]
[Result "1-0"]
[WhiteElo "1826"]
[BlackElo "1810"]
[TimeControl "2700+45"]

1. d4 d5 2. Nf3 Nf6 3. e3 Bf5 4. c4 e6 5. Qb3 Qc8 6. Nc3 c6 7. Bd2 Bd6 8. Be2
Nbd7 9. c5 Bc7 10. Nh4 O-O 11. Nxf5 exf5 12. O-O Ne4 13. Nxe4 fxe4 14. f3 Nf6
15. f4 Kh8 16. Be1 Rb8 17. Qd1 Qf5 18. g4 Qd7 19. g5 Qh3 20. Bg3 Rg8 21. gxf6
gxf6 22. Rf2 Rxg3+ 23. hxg3 Qxg3+ 24. Rg2 Qxe3+ 25. Kh1 Bxf4 26. Qg1 Qh3+ 27.
Rh2 Qxh2+ 28. Qxh2 Bxh2 29. Kxh2 Rg8 30. Rg1 Rxg1 31. Kxg1 f5 32. a4 a5 33. Kg2
Kg7 34. Kg3 Kg6 35. Kf4 h5 36. Bf1 h4 37. Bh3 e3 38. Bxf5+ Kf6 39. Bg4 h3 40.
Kxe3 h2 41. Bf3 Kg5 42. Kf2 Kf4 43. Ke2 Kg3 44. Ke3 f6 45. Bh1 f5 46. Ke2 f4 47.
Bf3 Kh4 48. Kf2 Kh3 49. b3 h1=Q 50. Bxh1 Kg4 51. Bf3+ Kf5 52. Kg2 Kg5 53. Kh3
Kf5 54. Kh4 Ke6 55. Kg4 Kd7 56. Kxf4 Kc7 57. Ke5 b6 58. Bg4 bxc5 59. dxc5 Kb7
60. Kd6 d4 61. Bd7 d3 62. Bxc6+ Kc8 63. Bf3 d2 64. Kc6 {Black resigns} 1-0

[Event "Team 45 45 League T27"]
[Site "Internet Chess Club"]
[Date "2005.07.06"]
[Round "4"]
[White "chivo"]
[Black "rayngrant"]
[Result "0-1"]
[WhiteElo "1790"]
[BlackElo "1686"]
[TimeControl "2700+45"]

1. e4 e5 2. Nf3 Nc6 3. Bb5 a6 4. Ba4 Nf6 5. O-O Be7 6. Re1 b5 7. Bb3 O-O 8. c3
d5 9. exd5 Nxd5 10. Nxe5 Nxe5 11. Rxe5 c6 12. Bxd5 cxd5 13. d4 Bd6 14. Re1 Qh4
15. g3 Qh3 16. Qf3 Bg4 17. Qg2 Qh5 18. Be3 Bf3 19. Qf1 Rae8 20. Nd2 Bg4 21. h4
Re6 22. b3 Rfe8 23. Kg2 f5 24. Bg5 h6 25. Rxe6 Rxe6 26. Re1 Qe8 27. Rxe6 Qxe6
28. Bf4 Bxf4 29. gxf4 Be2 30. Qe1 Qg6+ 31. Kh2 Qg4 32. f3 Qxf4+ 33. Kg2 Qe3 34.
h5 f4 35. Kh2 Bd3 36. Qd1 Qf2+ 37. Kh1 Bf5 38. c4 Qxd4 39. cxd5 Qxd5 40. Qe2 Qe6
41. Qxe6+ Bxe6 42. Kg2 Bf7 43. Ne4 Bxh5 44. Nc5 a5 45. Nb7 a4 46. b4 Bf7 47. a3
Kf8 48. Nd6 Be8 49. Kh3 g5 50. Kg4 Bd7+ 51. Kh5 Kg7 52. Ne4 Bc6 53. Nxg5 hxg5
54. Kxg5 Bxf3 55. Kxf4 Bc6 56. Ke5 Kf7 57. Kd6 Be8 58. Kd5 Ke7 59. Kc5 Ke6 60.
Kb6 Kd5 61. Ka5 Kc4 62. Kb6 Kb3 63. Kc5 Kxa3 64. Kd4 Kb2 65. Kc5 a3 {White
resigns} 0-1

[Event "Team 45 45 League T27"]
[Site "Internet Chess Club"]
[Date "2005.07.10"]
[Round "4"]
[White "dougmo"]
[Black "David-Carioca"]
[Result "1-0"]
[WhiteElo "1528"]
[BlackElo "1527"]
[TimeControl "2700+45"]

1. e4 e6 2. d4 d5 3. e5 c5 4. c3 Nc6 5. Nf3 a6 6. Bd3 b5 7. O-O Qc7 8. Re1 Bd7
9. Be3 cxd4 10. cxd4 Bb4 11. Nc3 Nge7 12. Rc1 Nf5 13. Bxf5 exf5 14. Nxd5 Qa5 15.
Nxb4 Qxb4 16. Bd2 Qxb2 17. d5 Nd4 18. Bc3 Nxf3+ 19. Qxf3 Qxa2 20. e6 O-O 21.
exd7 b4 22. Bxb4 Rfd8 23. d6 Qa4 24. Qxa8 {Black resigns} 1-0

[Event "Team 45 45 League T27"]
[Site "Internet Chess Club"]
[Date "2005.07.07"]
[Round "4"]
[White "nanning"]
[Black "Two-DogMan"]
[Result "1-0"]
[WhiteElo "1567"]
[BlackElo "1458"]
[TimeControl "2700+45"]

1. e4 e5 2. Bc4 d6 3. d3 Be7 4. Nc3 Bg5 5. Qh5 Qe7 6. Bxg5 Nf6 7. Bxf6 gxf6 8.
Nd5 Qd8 9. Nb6 Rf8 10. Nxa8 Nd7 11. Nxc7+ Qxc7 12. Qxh7 Qb6 13. Rb1 Qb4+ 14. c3
Qc5 15. Qh4 a5 16. Nf3 b5 17. Bd5 Ba6 18. O-O b4 19. Bc4 Bxc4 20. dxc4 Qxc4 21.
cxb4 Qxb4 22. Rfc1 Ke7 23. Rc7 Qb6 24. Rbc1 Qxb2 25. Qh3 Rd8 26. a4 Qb4 27. R7c4
Qb3 28. Nh4 Nc5 29. Nf5+ Kd7 30. Qxb3 Nxb3 31. Rc7+ Ke8 32. R1c3 Nc5 33. Rh3 Ne6
34. Rh8+ Nf8 35. Ng7# {Black checkmated} 1-0